 Dungeon Crawl Stone Soup version 0.28.0-53-g5a82cb258f (webtiles) character file.

Game seed: 9079424448498666917

154 BiggyShaggy the Ruffian (level 5, -5/53 HPs)
             Began as a Troll Fighter on June 25, 2022.
             Slain by a gnoll
             ... wielding a +0 spear
              (7 damage)
             ... on level 3 of the Dungeon.
             The game lasted 00:11:11 (1579 turns).

BiggyShaggy the Ruffian (Troll Fighter)             Turns: 1579, Time: 00:11:12

Health: -5/53      AC:  4    Str: 24    XL:     5   Next: 13%
Magic:  4/4        EV: 10    Int:  4    God:
Gold:   130        SH:  0    Dex: 11    Spells: 4/4 levels left

rFire   . . .      SeeInvis .     - Unarmed
rCold   . . .      Faith    .   (no shield)
rNeg    . . .      Spirit   .   a - +0 robe
rPois   .          Reflect  .   (helmet restricted)
rElec   .          Harm     .   (no cloak)
rCorr   .          Rampage  .   (gloves unavailable)
Will    .....                   (boots unavailable)
Stlth   +.........              (no amulet)
HPRegen 0.97/turn               (no ring)
MPRegen 0.09/turn               (no ring)

@: no status effects
A: large, unfitting armour, claws 3, regeneration 1, shaggy fur 1, tough skin 1
a: no special abilities


You were on level 3 of the Dungeon.
You visited 1 branch of the dungeon, and saw 3 of its levels.

You collected 130 gold pieces.

Inventory:

Missiles
 i - 5 silver javelins (quivered)
Armour
 a - a +0 robe (worn)
 b - a +0 kite shield
 j - a +0 pair of boots of rampaging
 l - a +0 leather armour
Jewellery
 h - a +6 ring of strength
Scrolls
 d - a scroll of fog
Potions
 c - a potion of might
 e - 3 potions of curing
 f - a potion of degeneration {unknown}
 g - a potion of flight {unknown}
 k - a potion of heal wounds {unknown}


   Skills:
 + Level 3.1 Fighting
 + Level 3.2 Dodging
 - Level 2.4 Shields
 * Level 4.0 Unarmed Combat


You had 4 spell levels left.
You didn't know any spells.
Your spell library contained the following spells:

 Spells                   Type           Power      Damage    Failure   Level
 Gell's Gravitas          Tloc           0%         N/A       86%         3
 Teleport Other           Tloc           0%         N/A       86%         3
 Dispersal                Tloc           0%         N/A       100%        6


Dungeon Overview and Level Annotations

Branches:
Dungeon (3/15)

Altars:


Innate Abilities, Weirdness & Mutations

You are too large for most types of armour.
You have claws for hands.
Your natural rate of healing is unusually fast.
You are covered in fur. (AC +1)
You have tough skin. (AC +1)


Message History

The gnoll hits you with a +0 spear.
You closely miss the gnoll.
The gnoll hits you from afar with a +0 spear.
The quokka bites you.
The gnoll hits you from afar with a +0 spear.
The gnoll hits you but does no damage.
You closely miss the gnoll. The quokka misses you.
The gnoll hits you from afar with a +0 spear. x2
The gnoll misses you.
You are too injured to fight recklessly!
You are too injured to fight recklessly!
You are too injured to fight recklessly!
You are too injured to fight recklessly!
You are too injured to fight recklessly!
You are too injured to fight recklessly!
You are too injured to fight recklessly!
You scratch the gnoll but do no damage. The quokka misses you.
The gnoll hits you from afar with a +0 spear. x2
* * * LOW HITPOINT WARNING * * *
You feel better. The gnoll hits you with a +0 spear.
The quokka closely misses you.
The gnoll hits you from afar with a +0 spear.
* * * LOW HITPOINT WARNING * * *
The gnoll hits you from afar with a +0 spear.
* * * LOW HITPOINT WARNING * * *
You closely miss the gnoll. The quokka bites you.
* * * LOW HITPOINT WARNING * * *
The gnoll completely misses you.
The gnoll hits you from afar with a +0 spear.
* * * LOW HITPOINT WARNING * * *
The gnoll hits you from afar with a +0 spear.
* * * LOW HITPOINT WARNING * * *
The quokka bites you.
* * * LOW HITPOINT WARNING * * *
You claw the gnoll!
The gnoll is severely wounded.
The gnoll hits you with a +0 spear.
* * * LOW HITPOINT WARNING * * *
The gnoll hits you from afar with a +0 spear!
You die...

#.....## .......# ###
.. ##......## #.. ..
.........# #.# ..
.........# #.# ..
.......g. #.# .#
#..g#r#####.# .#
#...g@......########.#
#....................#
#...#######.######...#
...... #.# #.... ###..
#.# ##...# ##. #.#
#.^..# # ..# #.#.##
#.# #.#.# #.# #.#.#


You could see 3 gnolls and a quokka.

Vanquished Creatures
  Jessica (D:2)
  Terence (D:3)
  2 orc wizards (D:3)
  An adder (D:2)
  An adder skeleton (D:2)
  A worm (D:2)
  A dart slug (D:3)
  An orc (D:3)
  3 ball pythons
  5 endoplasms
  5 giant cockroaches
  4 goblins
  4 hobgoblins
  4 jackals (D:1)
  2 kobolds (D:2)
  5 bats
  3 frilled lizards
  2 rats (D:1)
46 creatures vanquished.

Notes
Turn   | Place    | Note
-------+----------+-------------------------------------------
     0 | D:1      | BiggyShaggy the Troll Fighter began the quest for the Orb.
     0 | D:1      | Reached XP level 1. HP: 22/22 MP: 0/0
   128 | D:1      | Reached XP level 2. HP: 29/29 MP: 1/1
   832 | D:2      | Reached XP level 3. HP: 36/36 MP: 2/2
   939 | D:2      | Reached skill level 3 in Unarmed Combat
  1105 | D:2      | Noticed Jessica
  1116 | D:2      | Killed Jessica
  1117 | D:2      | Reached XP level 4. HP: 24/44 MP: 3/3
  1489 | D:3      | Noticed Terence
  1505 | D:3      | Killed Terence
  1506 | D:3      | Reached skill level 4 in Unarmed Combat
  1506 | D:3      | Reached XP level 5. HP: 42/53 MP: 4/4
  1579 | D:3      | HP: 2/53 [gnoll/+0 spear (4)]
  1579 | D:3      | Slain by a gnoll

Illustrated notes

Levels and vault maps discovered:
D:1:      minmay_arrival_stone_box, layout_loops_corners, minmay_door_square
D:2:      layout_basic, ebering_ecumenical_altar_box, hangedman_decor_growths,
          uniq_jessica
D:3:      layout_loops_ring, chequers_serial_rivers_small_a,
          kennysheep_generic_room_7, uniq_terence

Skill      XL: |  1  2  3  4 |
---------------+-------------+-----
Unarmed Combat | 3 4 |  4.0
Fighting       | 3 |  3.1
Dodging        | 3 |  3.2
Shields        | |  2.4

Action                   |  1- 3 |  4- 6 || total
-------------------------+-------+-------++-------
Melee: Unarmed           |    80 |    52 ||   132
       Punch             |       |     3 ||     3
  Use: Scroll            |     1 |     3 ||     4
       Potion            |       |     1 ||     1
 Stab: Sleeping          |     1 |       ||     1
Armor: Robe              |    30 |    13 ||    43
Dodge: Dodged            |    44 |    21 ||    65
